 Dungeon Crawl Stone Soup version 0.31-a0-851-g7ff8af7976 (webtiles) character file.

Game seed: 14687367571425082240

52 CrazyBamboolord the Grave Robber (level 3, 0/18 HPs)
             Began as a Vine Stalker Necromancer on Oct 5, 2023.
             Slain by Terence
             ... wielding a +0 flail
              (3 damage)
             ... on level 3 of the Dungeon.
             The game lasted 00:02:46 (1604 turns).

CrazyBamboolord the Grave Robber (VSNe)             Turns: 1604, Time: 00:02:46

Health: 0/18       AC:  2    Str: 10    XL:     3   Next: 85%
Magic:  0/8        EV: 12    Int: 17    God:
Gold:   125        SH:  0    Dex: 14    Spells: 3/7 levels left

rFire   . . .        d - +1 dagger (venom)
rCold   . . .        (no shield)
rNeg    . . .        a - +0 robe
rPois   .            (no helmet)
rElec   .            (no cloak)
rCorr   .            (no gloves)
SInv    .            (no boots)
Will    .....        (no amulet)
Stlth   ++           (no ring)
HPRegen 1.03/turn    (no ring)
MPRegen 0.11/turn

%: guardian spirit
@: no status effects
A: fangs 2, regeneration 1, magic shield, antimagic bite, no potion heal 2
a: no special abilities


You were on level 3 of the Dungeon.
You visited 1 branch of the dungeon, and saw 4 of its levels.

You collected 125 gold pieces.

Inventory:

Hand Weapons
 d - a +1 dagger of venom (weapon)
Armour
 a - a +0 robe (worn)
Scrolls
 c - a scroll of silence {unknown}
 e - a scroll of brand weapon
 g - a scroll of teleportation {unknown}
 h - a scroll of enchant weapon
Potions
 f - a potion of ambrosia {unknown}


   Skills:
 + Level 1.1 Fighting
 + Level 2.0 Dodging
 + Level 3.1 Stealth
 + Level 2.6 Spellcasting
 + Level 4.3 Necromancy


You had 3 spell levels left.
You knew the following spells:

 Your Spells              Type           Power      Damage    Failure   Level
a - Necrotise             Necr           64%        1d7       3%          1
b - Vampiric Draining     Necr           16%        2d7       10%         3

Your spell library contained the following spells:

 Spells                   Type           Power      Damage    Failure   Level
 Animate Dead             Necr           16%        N/A       30%         4
 Agony                    Necr           16%        N/A       65%         5


Dungeon Overview and Level Annotations

Branches:
Dungeon (4/15)
 Temple: D:4-7

Altars:
Cheibriados

Annotations:
D:3 Terence


Innate Abilities, Weirdness & Mutations

You have extremely sharp teeth.
Your natural rate of healing is unusually fast.
When hurt, damage is shared between your health and your magic reserves.
Your bite disrupts and absorbs the magic of your enemies.
Potions cannot restore your health.


Message History

Your bat skeleton crumbles into dust!
You see here a +0 war axe.
Terence and a ball python come into view.
The ball python hisses angrily.
Aiming: Necrotise (safe; 3% risk of failure)
Press: ? - help, Q - select action Shift-Dir - straight line, f - Terence
Aim: Terence, wielding a +0 flail and wearing a +0 ring mail (wandering, hasn't noticed you, chance to affect: 80%) Terence writhes in agony.
Unknown command.
Aiming: Necrotise (safe; 3% risk of failure)
Press: ? - help, Q - select action Shift-Dir - straight line, f/p - Terence
Aim: Terence, wielding a +0 flail and wearing a +0 ring mail (moderately wounded, chance to affect: 80%) Terence writhes in agony.
Unknown command.
Terence attacks as he pursues you! Terence hits you with a +0 flail.
Terence attacks as he pursues you! Terence hits you with a +0 flail!
Terence attacks as he pursues you! Terence misses you.
Terence attacks as he pursues you! Terence hits you with a +0 flail.
As you read the scroll labelled CUOF BECAS, it crumbles to dust.
It is a scroll of brand weapon.
Your +0 dagger drips with poison.
d - a +0 dagger of venom (weapon)
Terence hits you with a +0 flail.
Unknown command.
You hit Terence. Your bite misses Terence.
Terence is moderately wounded.
Terence shouts, "DIE!!!"
Terence hits you with a +0 flail.
You hit Terence but do no damage.
Terence is poisoned.
Terence is moderately wounded.
Terence hits you with a +0 flail!
* * * LOW HITPOINT WARNING * * *
Magic courses through your body. Terence hits you with a +0 flail!
* * * LOW HITPOINT WARNING * * *
As you read the scroll labelled ETZEGGY SOENN, it crumbles to dust.
It is a scroll of enchant weapon.
Your +0 dagger of venom glows red for a moment.
Terence closely misses you. Terence attacks as he pursues you!
Terence hits you with a +0 flail.
You die...

### ##############.##
#.S.@......##...##
#.###@.#..#......#####
#.###.#..###..........
#S##).##..#.##.#######
#.#.#.<#...###.#
#.##.#.#.### #.#
#.###....# ##'## #.#
##.#.# ##...##
#........###.....##
####.#.####.......##


You could see Terence (poisoned) and a ball python.

Vanquished Creatures
  An adder (D:3)
  A worm (D:2)
  4 ball pythons
  5 endoplasms
  5 giant cockroaches
  4 goblins
  3 hobgoblins (D:1)
  A quokka (D:1)
  4 bats
  2 frilled lizards
  5 kobolds
  3 rats
38 creatures vanquished.

Vanquished Creatures (collateral kills)
  A ball python (D:2)
1 creature vanquished.

Grand Total: 39 creatures vanquished

Notes
Turn   | Place    | Note
-------+----------+-------------------------------------------
     0 | D:1      | CrazyBamboolord the Vine Stalker Necromancer began the
                  | quest for the Orb.
     0 | D:1      | Reached XP level 1. HP: 9/9 MP: 4/4
   190 | D:1      | Reached XP level 2. HP: 11/14 MP: 3/6
   719 | D:1      | Reached XP level 3. HP: 17/17 MP: 5/7
   762 | D:1      | Learned a level 3 spell: Vampiric Draining
  1149 | D:2      | Reached skill level 1 in Fighting
  1266 | D:2      | Found a snail-covered altar of Cheibriados.
  1282 | D:2      | You fall into a shaft and drop 2 floors!
  1587 | D:3      | Noticed Terence
  1604 | D:3      | Slain by Terence

Illustrated notes

Levels and vault maps discovered:
D:1:      shiori_arrival_maze, layout_basic
D:2:      minmay_inner_zag, layout_basic, basic_altar
D:3:      layout_loops_corners, roderic_lattice_a, kennysheep_generic_room_3,
          uniq_terence
D:4:      layout_loops_ring

Skill      XL: |  1  2  3 |
---------------+----------+-----
Stealth        | 3 |  3.1
Fighting       | 1 |  1.1
Dodging        | 2 |  2.0
Spellcasting   | |  2.6
Necromancy     | |  4.3

Action                     || total
---------------------------++-------
  Melee: Unarmed           ||     2
         Dagger            ||    10
         Bite              ||     2
   Cast: Necrotise         ||    76
    Use: Scroll            ||     2
         Potion            ||     1
   Stab: Sleeping          ||     3
 Armour: Robe              ||    18
  Dodge: Dodged            ||    25

Table legend: (Time is in decaauts)
 A = Elapsed time spent in this place.
 B = Non-inter-level travel time spent in this place.
 C = Inter-level travel time spent in this place.
 D = Time resting spent in this place.
 E = Time spent auto-exploring this place.
 F = Levels seen in this place.
 G = Mean time per level.
                   A        B        C        D        E       F      G
               +--------+--------+--------+--------+--------+-----+--------+
         Total |   1602 |   1578 |     24 |      0 |   1335 |   4 |  400.5 |
       Dungeon |   1602 |   1578 |     24 |      0 |   1335 |   4 |  400.5 |
               +--------+--------+--------+--------+--------+-----+--------+

Top non-repeatable levels by time:
     D:1: 1026 daAuts
     D:3: 295 daAuts
     D:2: 254 daAuts
     D:4: 25 daAuts
